 Dungeon Crawl Stone Soup version 0.14-a0-759-g26e2352 (webtiles) character file.

179 PolkaDot the Charmwright (level 4, 0/32 HPs)
             Began as a Vampire Skald on Nov 8, 2013.
             Slain by a giant gecko (3 damage)
             ... on Level 3 of the Dungeon.
             The game lasted 00:06:36 (1674 turns).

PolkaDot the Charmwright (Vampire Skald)            Turns: 1674, Time: 00:06:37

HP   0/32        AC  4     Str 11      XL: 4   Next: 43%
MP   3/9         EV 10     Int 15      God:
Gold 81          SH  0     Dex 13      Spells:  1 memorised,  6 levels left

Res.Fire  : . . .   See Invis. : +   a - +0 short sword
Res.Cold  : . . .   Warding    : .   b - +0 leather armour
Life Prot.: . . .   Conserve   : .   (no shield)
Res.Poison: .       Res.Corr.  : .   (no helmet)
Res.Elec. : .       Clarity    : .   (no cloak)
Sust.Abil.: . .     Spirit.Shd : .   h - +0 pair of gloves
Res.Mut.  : .       Stasis     : .   (no boots)
Res.Rott. : .       Flight     : .   (no amulet)
Saprovore : . . .                    (no ring)
                                     (no ring)

@: regenerating quickly, slightly resistant to hostile enchantments, very
unstealthy
A: fangs 3, see invisible, unbreathing
a: no special abilities


You were on level 3 of the Dungeon.
You were very full.

You visited 1 branch of the dungeon, and saw 3 of its levels.

You collected 81 gold pieces.

Inventory:

Hand weapons
 a - a +0,+0 short sword (weapon)
Missiles
 g - 40 darts (quivered)
Armour
 b - a +0 leather armour (worn)
 h - a +0 pair of gloves (worn)
Scrolls
 d - a scroll of enchant armour {unknown}
 e - 4 scrolls of remove curse {unknown}
 f - 8 scrolls of identify {unknown}
 i - a scroll of fear {unknown}
 j - 3 scrolls of amnesia {unknown}
 k - a scroll of curse armour {unknown}
 m - a scroll of enchant weapon I {unknown}
 n - a scroll of teleportation {unknown}
 q - a scroll of noise {unknown}
Jewellery
 l - an uncursed amulet of resist mutation {unknown}
Potions
 o - a potion of brilliance {unknown}
 p - a potion of heal wounds
 r - a potion of might {unknown}
Books
 c - a book of Battle

   Spells                             Type                      Level
   *Infusion                          Charms                       1
   Shroud of Golubria                 Charms/Translocation         2
   Song of Slaying                    Charms                       2
   Spectral Weapon                    Hexes/Charms                 3
   Regeneration                       Charms/Necromancy            3


   Skills:
 - Level 1.7 Fighting
 * Level 3.6 Short Blades
 + Level 1.5 Armour
 - Level 1.1 Dodging
 - Level 2.0 Spellcasting
 * Level 4.5 Charms


You had 6 spell levels left.
You knew the following spells:

 Your Spells              Type           Power        Failure   Level  Hunger
a - Infusion              Chrm           ###...       3%          1    #......


Dungeon Overview and Level Annotations

Branches:
Dungeon (3/27)

Altars:


Innate Abilities, Weirdness & Mutations

Your natural rate of healing is unusually fast.
You have razor-sharp teeth.*
You have supernaturally acute eyesight.
You can survive without breathing.*


Message History

The bat hits you but does no damage. The giant gecko bites you.
* * * LOW HITPOINT WARNING * * *
The giant gecko bites you but does no damage.
The goblin hits you with an orcish club.
* * * LOW HITPOINT WARNING * * *
The giant gecko bites you.
* * * LOW HITPOINT WARNING * * *
You hit the goblin.
The goblin is severely wounded.
The bat closely misses you. The giant gecko barely misses you.
The goblin hits you but does no damage. The giant gecko closely misses you.
You hit the goblin.
You kill the goblin!
The bat hits you but does no damage. The giant gecko misses you.
The giant gecko barely misses you. The bat closely misses you.
The giant gecko closely misses you.
You hit the bat.
You kill the bat!
The giant gecko bites you.
You die...

..########
.........# ##.#
.........##......
........%@........
.......%ll##......
....##.%##..# ...
#... ...# . .....
..... .......
...... ..#...
...#. .#... ...#
.... .


You could see 2 giant geckos.

Vanquished Creatures
  3 adders (D:2)
  2 giant mites
  A worm (D:2)
  2 giant geckos (D:1)
  2 orcs (D:3)
  2 giant cockroaches
  4 hobgoblins (D:1)
  9 bats
  4 giant newts
  7 goblins
  7 kobolds
  8 rats
51 creatures vanquished.

Notes
Turn   | Place    | Note
--------------------------------------------------------------
     0 | D:1      | PolkaDot, the Vampire Skald, began the quest for the Orb.
     0 | D:1      | Reached XP level 1. HP: 15/15 MP: 4/4
   112 | D:1      | Reached skill level 1 in Armour
   399 | D:1      | Reached XP level 2. HP: 18/21 MP: 6/6
   975 | D:1      | Reached XP level 3. HP: 24/26 MP: 2/7
  1157 | D:2      | Reached skill level 4 in Charms
  1350 | D:2      | Reached XP level 4. HP: 32/32 MP: 6/9
  1674 | D:3      | Slain by a giant gecko

Action                   |  1- 3 |  4- 6 || total
-------------------------+-------+-------++-------
Melee: Short sword       |   111 |    53 ||   164
Throw: Dart              |    22 |    12 ||    34
 Cast: Infusion          |    17 |     5 ||    22
  Use: Potion            |     1 |     1 ||     2
